 Dungeon Crawl Stone Soup version 0.30.0-29-ga12c61a403 (webtiles) character file.

Game seed: 12772545320411099235

639 DildoBatman the Conjurer (level 7, -2/48 (53) HPs)
             Began as a Formicid Conjurer on June 9, 2023.
             Slain by an orc warrior
             ... wielding a +0 flail
              (5 damage)
             ... on level 8 of the Dungeon.
             The game lasted 00:14:26 (4397 turns).

DildoBatman the Conjurer (Formicid Conjurer)        Turns: 4397, Time: 00:14:28

HP:   -2/48 (53)    AC:  8    Str: 11    XL:     7   Next: 80%
MP:   13/13         EV: 12    Int: 20    God:
Gold: 312           SH:  0    Dex: 12    Spells: 11/14 levels left

rFire   . . .        a - +0 sling
rCold   . . .        (no shield)
rNeg    + . .        d - +3 leather armour
rPois   +            (helmet unavailable)
rElec   .            (no cloak)
rCorr   .            C - +0 pair of gloves
SInv    +            f - +0 pair of boots
Will    .....        (no amulet)
Stlth   ++           j - ring of positive energy
HPRegen 0.28/turn    r - ring of poison resistance
MPRegen 0.13/turn

%: no passive effects
@: drained
A: permanent stasis, dig shafts and tunnels, antennae 3, four strong arms
a: Dig, Shaft Self


You were on level 8 of the Dungeon.
You visited 2 branches of the dungeon, and saw 8 of its levels.

You collected 340 gold pieces.
You spent 28 gold pieces at shops.

Inventory:

Hand Weapons
 a - a +0 sling (weapon)
 b - a +0 falchion
 A - a +2 dagger of chaos
Missiles
 n - 6 datura-tipped darts
 o - 6 poisoned darts
 s - 6 javelins
 u - 2 boomerangs
Armour
 d - a +3 leather armour (worn)
 f - a +0 pair of boots (worn)
 h - a +0 cloak
 C - a +0 pair of gloves (worn)
Magical Staves
 w - a staff of earth
Jewellery
 j - a ring of positive energy (left hand)
 r - a ring of poison resistance (right hand)
 y - a ring of fire
Wands
 c - a wand of flame (21)
Scrolls
 l - a scroll of immolation {unknown}
 m - a scroll of amnesia {unknown}
 t - 3 scrolls of identify
 z - a scroll of brand weapon {unknown}
 F - a scroll of enchant weapon {unknown}
Potions
 e - 2 potions of degeneration {unknown}
 g - a potion of might {unknown}
 i - 2 potions of flight {unknown}
 k - 2 potions of resistance {unknown}
 p - 3 potions of curing {unknown}
 q - 4 potions of haste {unknown}
 x - a potion of mutation {unknown}
 B - 4 potions of heal wounds
 D - a potion of brilliance {unknown}
 E - a potion of attraction {unknown}


   Skills:
 * Level 3.6 Fighting
 * Level 3.6 Armour
 - Level 3.0 Dodging
 - Level 3.0 Stealth
 * Level 4.2 Spellcasting
 * Level 4.9 Conjurations


You had 11 spell levels left.
You knew the following spells:

 Your Spells              Type           Power      Damage    Failure   Level
a - Searing Ray           Conj           48%        2d6       3%          2
c - Magic Dart            Conj           96%        1d7       1%          1

Your spell library contained the following spells:

 Spells                   Type           Power      Damage    Failure   Level
 Dazzling Flash           Conj/Hex       28%        N/A       17%         3
 Inner Flame              Hex/Fire       4%         N/A       43%         3
 Fulminant Prism          Conj/Hex       7%         3d7       50%         4
 Iskenderun's Mystic Bla  Conj/Tloc      14%        2d5       50%         4
 Agony                    Necr           4%         N/A       99%         5
 Silence                  Hex/Air        2%         N/A       99%         5
 Yara's Violent Unravell  Hex/Tmut       2%         3d3       99%         5
 Simulacrum               Ice/Necr       2%         N/A       100%        6
 Enfeeble                 Hex            2%         N/A       100%        7
 Ozocubu's Refrigeration  Ice            2%         4d7       100%        7
 Polar Vortex             Ice            2%         N/A       100%        9


Dungeon Overview and Level Annotations

Branches:
Dungeon (6/15)             Temple (1/1) D:4

Altars:
Ashenzari
Cheibriados
Dithmenos
Elyvilon
Gozag
Hepliaklqana
Makhleb
Nemelex Xobeh
Okawaru
Ru
Sif Muna
Trog
Uskayaw
Vehumet
Wu Jian
Xom
Yredelemnul
Zin
The Shining One

Shops:
D:2 *

Annotations:
D:2 1 runed translucent door, Crazy Yiuf
D:3 1 exclusion
D:5 exclusions: ice beast, ogre, orc priest and sensed monster (detected), Dowan, Duvessa, Ijyb
D:6 Maggie, Prince Ribbit


Innate Abilities, Weirdness & Mutations

You cannot be hasted, slowed, berserked, paralysed or teleported.
You can dig through walls and to a lower floor.
You have a pair of large antennae on your head. (SInv)
Your four strong arms can wield two-handed weapons with a shield.


Message History

The orc warrior barely misses you. What are your orders? t - Shout!
Orders for allies: a - Attack new target. r - Retreat! s - Stop attacking. g - Guard the area. f - Follow me.
Anything else - Cancel.
You shout for attention!
The bullfrog hits you but does no damage.
The bullfrog barely misses you.
The orc warrior hits you with a +0 flail.
What are your orders? t - Shout!
Orders for allies: a - Attack new target. r - Retreat! s - Stop attacking. g - Guard the area. f - Follow me.
Anything else - Cancel.
You shout for attention!
The bullfrog hits you. The orc warrior misses you.
What are your orders? t - Shout!
Orders for allies: a - Attack new target. r - Retreat! s - Stop attacking. g - Guard the area. f - Follow me.
Anything else - Cancel.
You shout for attention!
The bullfrog hits you but does no damage.
The bullfrog barely misses you.
The orc warrior hits you but does no damage.
What are your orders? t - Shout!
Orders for allies: a - Attack new target. r - Retreat! s - Stop attacking. g - Guard the area. f - Follow me.
Anything else - Cancel.
You shout for attention!
The bullfrog hits you.
The orc warrior hits you with a +0 flail.
You die...

.. ..# .. ##.##.#...
...#.#..# #..#.#..#
# #..#.#..# #.
#..#....# +..o
#..#.#..#
#..o##F...#..#######
#..oo@..>...........
#..o#####.##.######
#.. ........####
#... ####.#..##..
#.... #.#..##.#
....####.#..##.#
............##.#
...............#
#..........####.#


You could see an orc warrior, a bullfrog, an orc wizard (invisible) and 2 orcs.

Vanquished Creatures
  Eustachio (D:5)
  A scorpion (D:5)
  A crimson imp (D:4)
  3 jellies (D:5)
  A gnoll bouda (D:5)
  2 orc wizards
  3 iguanas
  4 gnolls (D:5)
  2 adders
  A white imp (D:6)
  An ufetubus (D:5)
  A worm (D:2)
  3 dart slugs
  10 orcs
  8 ball pythons (D:1)
  4 endoplasms (D:1)
  6 giant cockroaches
  9 goblins
  5 hobgoblins
  6 jackals
  3 quokkas
  3 bats
  A frilled lizard (D:3)
  A goblin skeleton (D:3)
  A jackal zombie (D:3)
  5 kobolds
  2 rats
88 creatures vanquished.

Notes
Turn   | Place    | Note
-------+----------+-------------------------------------------
     0 | D:1      | DildoBatman the Formicid Conjurer began the quest for the
                  | Orb.
     0 | D:1      | Reached XP level 1. HP: 13/13 MP: 3/3
   115 | D:1      | Reached XP level 2. HP: 19/19 MP: 1/5
   120 | D:1      | Learned a level 2 spell: Searing Ray
   378 | D:1      | Reached XP level 3. HP: 25/25 MP: 3/6
   430 | D:1      | Reached skill level 1 in Fighting
   548 | D:1      | Reached skill level 1 in Armour
   793 | D:2      | Found a runed translucent door.
   794 | D:2      | Noticed Crazy Yiuf
   812 | D:2      | Found Achuckui's General Store.
   822 | D:2      | Bought a scroll of identify for 28 gold pieces
  1049 | D:2      | Found a faded altar of an unknown god.
  1155 | D:2      | Reached XP level 4. HP: 32/32 MP: 2/7
  1505 | D:3      | Found a runed translucent door.
  1505 | D:3      | Noticed a human
  1527 | D:3      | Found a basalt altar of Yredelemnul.
  1654 | D:3      | You fall into a shaft and drop 1 floor!
  1722 | D:4      | Reached XP level 5. HP: 33/38 MP: 4/9
  1762 | D:4      | Found a staircase to the Ecumenical Temple.
  1771 | Temple   | Entered the Ecumenical Temple
  2214 | D:4      | Noticed an orc warrior
  2506 | D:3      | Found a hazy altar of Hepliaklqana.
  3025 | D:4      | Found a burning altar of Makhleb.
  3025 | D:4      | Found a shimmering altar of Xom.
  3118 | D:5      | Entered Level 5 of the Dungeon
  3202 | D:5      | Noticed Ijyb
  3249 | D:5      | Reached XP level 6. HP: 32/44 MP: 2/10
  3384 | D:5      | Noticed Eustachio
  3706 | D:5      | HP: 2/46 [gnoll bouda/+0 club (3)]
  3711 | D:5      | Killed Eustachio
  3712 | D:5      | Reached XP level 7. HP: 15/52 MP: 4/12
  3967 | D:5      | Noticed Duvessa
  3967 | D:5      | Noticed Dowan
  4203 | D:6      | Noticed Prince Ribbit
  4211 | D:6      | Noticed Maggie
  4220 | D:6      | Found a broken altar of Ashenzari.
  4343 | D:6      | You fall into a shaft and drop 2 floors!
  4397 | D:8      | Slain by an orc warrior

Illustrated notes

Levels and vault maps discovered:
D:1:      enne_arrival_octagon_isle, layout_loops_ring,
          hangedman_abyss_or_decor_lesser_grid
D:2:      layout_rooms, serial_shops, shop, nicolae_ecumenical_lake_church,
          uniq_crazy_yiuf_cottage
D:3:      layout_basic, nzn_hepliaklqana_mist_gate, dk_yredelemnul_ordeal,
          dreamdust_wishing_well
D:4:      layout_basic, grunt_temple_overflow_champion_of_chaos,
          minmay_temple_entry_junction_2
D:5:      dreamdust_elfheim, layout_basic, nicolae_shop_clearance,
          uniq_eustachio, uniq_ijyb
D:6:      layout_gridville, minmay_overflow_temple_star_quad,
          cheibrodos_ashenzari_chains, chequers_serial_rivers_micro_b,
          uniq_maggie, uniq_prince_ribbit1
D:8:      minmay_general_purpose_star, layout_basic, serial_shops, shop,
          uniq_psyche
Temple:   nicolae_temple_bog_church

Skill      XL: |  1  2  3  4  5  6  7 |
---------------+----------------------+-----
Dodging        | 2 3 |  3.0
Fighting       | 1 2 3 |  3.6
Stealth        | 3 |  3.0
Armour         | 1 2 3 |  3.6
Conjurations   | 4 |  4.9
Spellcasting   | 3 4 |  4.2

Action                     |  1- 3 |  4- 6 |  7- 9 || total
---------------------------+-------+-------+-------++-------
  Melee: Unarmed           |     5 |       |       ||     5
         Short sword       |    69 |       |       ||    69
         Falchion          |       |    21 |       ||    21
         Dagger            |       |     5 |       ||     5
         Punch             |       |     1 |       ||     1
   Fire: Sling             |       |    65 |     5 ||    70
   Cast: Magic Dart        |    37 |    11 |       ||    48
         Searing Ray       |     3 |    26 |     7 ||    36
Ability: Dig               |       |     1 |     3 ||     4
         Shaft Self        |       |       |     1 ||     1
    Use: Scroll            |       |     4 |     2 ||     6
         Potion            |       |     2 |       ||     2
   Stab: Sleeping          |     3 |       |       ||     3
 Armour: Robe              |    18 |    32 |       ||    50
         Leather armour    |       |       |    10 ||    10
  Dodge: Dodged            |    43 |   105 |    24 ||   172
